 Dungeon Crawl Stone Soup version 0.30-a0-414-gcb316572d5 (webtiles) character file.

Game seed: 7287806373643411674

2987 Lobster4 the Magician (level 9, -1/52 HPs)
             Began as a Deep Elf Conjurer on Dec 7, 2022.
             Was a Follower of Vehumet.
             Slain by a gnoll sergeant
             ... wielding a +2 vorpal trident
              (12 damage)
             ... on level 7 of the Dungeon.
             The game lasted 00:22:02 (7595 turns).

Lobster4 the Magician (Deep Elf Conjurer)           Turns: 7595, Time: 00:22:03

Health: -1/52      AC:  6    Str:  4    XL:     9   Next: 53%
Magic:  12/21      EV: 13    Int: 28    God:    Vehumet [*.....]
Gold:   328        SH:  0    Dex: 13    Spells: 9/21 levels left

rFire   + . .      SeeInvis .    a - staff of conjuration
rCold   + . .      Faith    .    (no shield)
rNeg    . . .      Spirit   .    w - +2 robe {rC+ rF+}
rPois   .          Reflect  .    m - +1 hat
rElec   .          Harm     .    j - +0 cloak
rCorr   .          Rampage  .    (no gloves)
Will    .....                    (no boots)
Stlth   ++........               (no amulet)
HPRegen 0.28/turn                (no ring)
MPRegen 0.17/turn                (no ring)

@: no status effects
A: no striking features
a: Renounce Religion


You were on level 7 of the Dungeon.
You worshipped Vehumet.
Vehumet was aware of your devotion.
You visited 2 branches of the dungeon, and saw 8 of its levels.

You collected 328 gold pieces.

Inventory:

Hand Weapons
 b - a +0 sling
 c - a +1 short sword
 r - a +2 rapier of venom
 G - a +0 shortbow
Missiles
 d - 2 atropa-tipped darts
 f - 12 poisoned darts
 n - 3 boomerangs
 B - a throwing net
Armour
 j - a +0 cloak (worn)
 m - a +1 hat (worn)
 u - the +0 leather armour of the Orb Guardian {rN+ Str+3}
   (You found it on level 4 of the Dungeon)

   Str:       It affects your strength (+3).
   rN:        It protects you from negative energy.
 w - a +2 robe of resistance (worn)
 F - a +2 robe of willpower
Magical Staves
 a - a staff of conjuration (weapon)
 i - a staff of poison
 k - a staff of earth
Jewellery
 C - a ring of willpower
Wands
 s - a wand of acid (6)
 v - a wand of roots (3)
 A - a wand of digging (3)
Scrolls
 e - a scroll of fear
 g - a scroll of amnesia {unknown}
 l - a scroll of immolation {unknown}
 p - a scroll of blinking {unknown}
 q - 2 scrolls of enchant armour
 t - 3 scrolls of vulnerability {unknown}
 D - a scroll of poison {unknown}
Potions
 h - 2 potions of flight
 o - 7 potions of curing
 x - a potion of lignification {unknown}
 y - a potion of magic
 z - 3 potions of heal wounds
 E - 2 potions of cancellation {unknown}


   Skills:
 + Level 3.8 Fighting
 - Level 2.0 Staves
 - Level 1.0 Throwing
 + Level 3.8 Armour
 + Level 4.2 Dodging
 - Level 3.0 Stealth
 + Level 6.9 Spellcasting
 + Level 6.8 Conjurations
 - Level 4.0 Translocations
 - Level 4.0 Ice Magic
 - Level 4.0 Air Magic
 + Level 2.5 Earth Magic
 - Level 1.0 Poison Magic
 - Level 3.0 Evocations


You had 9 spell levels left.
You knew the following spells:

 Your Spells              Type           Power      Damage    Failure   Level
a - Magic Dart            Conj           100%       1d8       1%          1
b - Searing Ray           Conj           100%       2d8       1%          2
c - Iskenderun's Mystic   Conj/Tloc      57%        2d12      6%          4
d - Freezing Cloud        Conj/Ice/Air   27%        6-21      21%         5

Your spell library contained the following spells:

 Spells                   Type           Power      Damage    Failure   Level
 Foxfire                  Conj/Fire      100%       2x1d9     1%          1
 Kiss of Death            Conj/Necr      100%       2d13      1%          1
 Ozocubu's Armour         Ice            32%        N/A       3%          3
 Dazzling Flash           Conj/Hex       86%        N/A       4%          3
 Necrotise                Necr           36%        1d5       5%          1
 Kindle Blastsparks       Fire/Tloc/Air  48%        2d14      5%          3
 Sublimation of Blood     Necr           9%         N/A       9%          2
 Wereblood                Tmut           9%         N/A       9%          2
 Flame Wave               Conj/Fire      43%        2d11      13%         4
 Fulminant Prism          Conj/Hex       21%        3d12      13%         4
 Sticky Flame             Conj/Fire      43%        2d6       13%         4
 Ignite Poison            Fire/Tmut/Pois 11%        N/A       14%         3
 Confusing Touch          Hex            9%         N/A       17%         3
 Inner Flame              Hex/Fire       9%         N/A       17%         3
 Vampiric Draining        Necr           9%         2d6       17%         3
 Animate Armour           Summ/Erth      32%        N/A       32%         4
 Irradiate                Conj/Tmut      21%        3d18      36%         5
 Dispel Undead            Necr           9%         3d8       50%         4
 Metabolic Englaciation   Hex/Ice        10%        N/A       56%         5
 Iron Shot                Conj/Erth      26%        9d6       77%         6
 Agony                    Necr           9%         N/A       83%         5
 Blade Hands              Tmut           4%         N/A       83%         5
 Simulacrum               Ice/Necr       10%        N/A       98%         6
 Dragon Form              Tmut           4%         N/A       100%        7
 Summon Hydra             Summ           4%         N/A       100%        7


Dungeon Overview and Level Annotations

Branches:
Dungeon (7/15)             Temple (1/1) D:4

Altars:
Cheibriados
Elyvilon
Fedhas
Gozag
Kikubaaqudgha
Makhleb
Okawaru
Uskayaw
Vehumet
Wu Jian
Xom
Yredelemnul
The Shining One

Annotations:
D:7 2 transporters, WNRobin's ghost, amateur GnWn


Message History

A bullfrog comes into view.
The gnoll sergeant drinks a potion.
The gnoll sergeant seems to speed up.
The gnoll sergeant throws a stone.
The stone barely misses you.
Casting: Magic Dart (safe; 1% risk of failure)
Confirm with . or Enter, or press ? or * to list all spells.
Aiming: Searing Ray (safe; 1% risk of failure)
Press: ? - help, Shift-Dir - straight line, f - bullfrog, p - gnoll sergeant
Aim: a bullfrog (79% to hit)
You feel a surge of power!
The searing ray hits the bullfrog!
The bullfrog is heavily wounded. (Press . to maintain the ray.)
The gnoll sergeant throws a stone.
The stone hits you!
The searing ray hits the bullfrog!
You kill the bullfrog!
Vehumet accepts your kill.
The searing ray hits the gnoll sergeant!
The gnoll sergeant is moderately wounded.
The searing ray hits the gnoll sergeant but does no damage.
The gnoll sergeant is moderately wounded.
You finish channelling your searing ray.
The gnoll sergeant throws a stone.
The stone hits you.
Casting: Searing Ray (safe; 1% risk of failure)
Confirm with . or Enter, or press ? or * to list all spells.
Aiming: Searing Ray (safe; 1% risk of failure)
Press: ? - help, Shift-Dir - straight line, f - gnoll sergeant
Aim: a gnoll sergeant, wielding a +2 vorpal trident, wearing a +0 scale mail and quivering stones (moderately wounded, fast, 87% to hit)
You feel a surge of power!
The searing ray hits the gnoll sergeant.
The gnoll sergeant is moderately wounded. (Press . to maintain the ray.)
The gnoll sergeant hits you from afar with a +2 vorpal trident.
The gnoll sergeant barely misses you.
The searing ray hits the gnoll sergeant.
The gnoll sergeant is heavily wounded.
The gnoll sergeant throws a stone.
The stone hits you!
The searing ray misses the gnoll sergeant.
The gnoll sergeant hits you from afar with a +2 vorpal trident!
* * * LOW HITPOINT WARNING * * *
The gnoll sergeant hits you from afar with a +2 vorpal trident!
You die...

........##..)...####......
....###........#..# ##...[#
.... #.......##.## ##....#
... #......)#...# #.....# ..
#..........####.....#
#.................### .
#........#......†## ...
###........#....#...###
.....##...g.@........###....#
.........####...##...##..>...
.......### ##...#...........
....... ##.........<.#..
...!#.. #............#.. ...
#.? .............### #. F..
............## . ...#
.#........... ...
#####........


You could see a gnoll sergeant (fast).

Vanquished Creatures
  Pikel (D:7)
  3 vampire mosquitoes (D:7)
  Edmund (D:6)
  A water moccasin (D:7)
  Duvessa (D:5)
  A sky beast (D:6)
  A phantom (D:7)
  A centaur (D:7)
  A lemure (D:6)
  A necrophage (D:6)
  A bullfrog (D:7)
  8 wights
  5 scorpions
  Dowan (D:5)
  2 hounds
  2 jellies (D:7)
  4 orc priests
  A gnoll bouda (D:6)
  2 iguanas
  3 orc wizards
  15 gnolls
  6 adders
  A white imp (D:5)
  2 ufetubi
  4 worms
  4 dart slugs
  21 orcs
  10 ball pythons
  7 endoplasms
  6 giant cockroaches
  4 goblins
  5 hobgoblins
  3 jackals (D:2)
  3 quokkas
  4 bats
  2 frilled lizards
  9 kobolds
  2 rats
149 creatures vanquished.

Notes
Turn   | Place    | Note
-------+----------+-------------------------------------------
     0 | D:1      | Lobster4 the Deep Elf Conjurer began the quest for the Orb.
     0 | D:1      | Reached XP level 1. HP: 10/10 MP: 6/6
   414 | D:1      | Reached XP level 2. HP: 15/15 MP: 5/8
  1081 | D:2      | Reached XP level 3. HP: 20/20 MP: 6/10
  1344 | D:2      | Learned a level 2 spell: Searing Ray
  1739 | D:2      | Reached skill level 1 in Armour
  1776 | D:2      | Reached skill level 1 in Fighting
  1817 | D:2      | Reached XP level 4. HP: 25/25 MP: 7/11
  2051 | D:3      | Identified a scroll of acquirement
  2051 | D:3      | Acquired a staff of conjuration
  2069 | D:3      | Learned a level 4 spell: Iskenderun's Mystic Blast
  2218 | D:3      | Found a shimmering altar of Xom.
  2227 | D:3      | Found an iron altar of Okawaru.
  2248 | D:3      | Reached XP level 5. HP: 29/29 MP: 8/13
  2408 | D:3      | Found an ornate altar of the Wu Jian Council.
  2941 | D:4      | Learned a level 5 spell: Freezing Cloud
  3151 | D:4      | Reached skill level 1 in Staves
  3151 | D:4      | Reached skill level 5 in Conjurations
  3151 | D:4      | Reached skill level 1 in Translocations
  3151 | D:4      | Reached skill level 1 in Evocations
  3280 | D:4      | Identified the +0 leather armour of the Orb Guardian {rN+
                  | Str+3}
  3560 | D:4      | Reached XP level 6. HP: 35/35 MP: 6/14
  3634 | D:4      | Reached skill level 1 in Air Magic
  3738 | D:4      | Reached skill level 1 in Ice Magic
  3803 | D:4      | Found a staircase to the Ecumenical Temple.
  3812 | Temple   | Entered the Ecumenical Temple
  4231 | D:5      | Entered Level 5 of the Dungeon
  4475 | D:5      | Reached XP level 7. HP: 10/40 MP: 0/16
  4667 | D:5      | Reached skill level 5 in Spellcasting
  4705 | D:5      | Noticed Duvessa
  4705 | D:5      | Noticed Dowan
  4719 | D:5      | Killed Duvessa
  4745 | D:5      | Killed Dowan
  5028 | D:5      | Found a radiant altar of Vehumet.
  5038 | D:5      | Became a worshipper of Vehumet
  5203 | D:5      | Reached XP level 8. HP: 45/45 MP: 11/18
  5867 | D:6      | Reached skill level 1 in Throwing
  6315 | D:6      | Reached skill level 1 in Poison Magic
  6400 | D:6      | Noticed Edmund
  6412 | D:6      | Killed Edmund
  6776 | D:7      | Noticed Pikel
  6883 | D:7      | Reached skill level 1 in Earth Magic
  6943 | D:7      | Reached XP level 9. HP: 51/51 MP: 14/20
  7032 | D:7      | Reached * piety under Vehumet
  7032 | D:7      | Offered knowledge of Foxfire by Vehumet.
  7110 | D:7      | Found a transporter.
  7118 | D:7      | Noticed WNRobin's ghost (amateur GnWn)
  7121 | D:7      | Identified the +1 dire flail of World Downfall {venom,
                  | Str-4 Int+6}
  7121 | D:7      | Noticed a two-headed ogre
  7127 | D:7      | Found a transporter.
  7224 | D:7      | Killed Pikel
  7595 | D:7      | Slain by a gnoll sergeant

Illustrated notes

Levels and vault maps discovered:
D:1:      onia_arrival_pyramid, layout_basic, nicolae_titane
D:2:      layout_basic, minmay_pentomino_o4
D:3:      cheibrodos_pilgrimage, layout_basic, grunt_temple_overflow_open,
          nzn_wu_jian_contemplation, serial_curves, eino_curves_03,
          eino_curves_02
D:4:      layout_cave_pools, minmay_temple_entry_antechambers
D:5:      layout_basic, mainiacjoe_overflow_alcove_4, uniq_duvessa
D:6:      layout_cave_pods, uniq_edmund
D:7:      layout_cave_pools, nicolae_ru_the_path_less_chosen,
          gammafunk_ghost_smash, uniq_pikel
Temple:   nicolae_temple_bog_church

Skill      XL: |  1  2  3  4  5  6  7  8  9 |
---------------+----------------------------+-----
Stealth        | 3 |  3.0
Dodging        | 3 4 |  4.2
Armour         | 1 2 3 |  3.8
Fighting       | 1 2 3 |  3.8
Spellcasting   | 4 5 6 |  6.9
Staves         | 1 2 |  2.0
Conjurations   | 5 6 |  6.8
Translocations | 1 2 3 4 |  4.0
Evocations     | 1 2 3 |  3.0
Air Magic      | 1 2 3 4 |  4.0
Ice Magic      | 2 3 4 |  4.0
Throwing       | 1 |  1.0
Poison Magic   | 1 |  1.0
Earth Magic    | 1 2 |  2.5

Action                   |  1- 3 |  4- 6 |  7- 9 || total
-------------------------+-------+-------+-------++-------
Melee: Whip              |     6 |       |       ||     6
 Cast: Magic Dart        |    70 |    81 |    63 ||   214
       Searing Ray       |     1 |    22 |    56 ||    79
Evoke: Wand              |       |     3 |       ||     3
  Use: Scroll            |       |    10 |     1 ||    11
       Potion            |       |     1 |       ||     1
Armor: Robe              |     2 |     2 |    12 ||    16
       Leather armour    |       |       |     3 ||     3
Dodge: Dodged            |    10 |     5 |    38 ||    53

Table legend: (Time is in decaauts)
 A = Elapsed time spent in this place.
 B = Non-inter-level travel time spent in this place.
 C = Inter-level travel time spent in this place.
 D = Time resting spent in this place.
 E = Time spent auto-exploring this place.
 F = Levels seen in this place.
 G = Mean time per level.
                   A        B        C        D        E       F      G
               +--------+--------+--------+--------+--------+-----+--------+
         Total |   7604 |   7308 |    296 |   1240 |   4956 |   8 |  950.5 |
       Dungeon |   7424 |   7138 |    286 |   1240 |   4796 |   7 | 1060.6 |
        Temple |    179 |    169 |     10 |      0 |    160 |   1 |  179.0 |
               +--------+--------+--------+--------+--------+-----+--------+

Top non-repeatable levels by time:
     D:5: 1404 daAuts
     D:6: 1185 daAuts
     D:4: 1138 daAuts
     D:1: 1053 daAuts
     D:2: 984 daAuts
     D:3: 884 daAuts
     D:7: 775 daAuts
  Temple: 179 daAuts
